[Event "ICC tourney 2107 (75 10)"]
[Site "Internet Chess Club"]
[Date "2020.11.08"]
[Round "6"]
[White "missqueen"]
[Black "arjunchesszero"]
[Result "1-0"]
[ICCResult "Black resigns"]
[WhiteElo "1087"]
[BlackElo "1097"]
[Opening "Sicilian: Taimanov (Bastrikov) variation"]
[ECO "B47"]
[NIC "SI.40"]
[Time "14:32:50"]
[PlyCount "65"]
[TimeControl "4500+10"]

1. e4 c5 2. Nf3 e6 3. d4 cxd4 4. Nxd4 Nc6 5. Nc3 Qc7 6. f4 a6 7. Be3 Bc5 8.
Qd2 Nge7 9. Nxe6 dxe6 10. Bxc5 O-O 11. Qd6 Qa5 12. a3 Rd8 13. b4 Rxd6 14.
bxa5 Rd8 15. Bb6 Re8 16. Bc4 e5 17. O-O exf4 18. Rxf4 Ne5 19. Bb3 N7g6 20.
Rf2 Be6 21. Ba4 Rec8 22. Nd5 Rc4 23. Bb3 Rxe4 24. Nc7 Rf8 25. Nxe6 fxe6 26.
Bxe6+ Nf7 27. Bxf7+ Rxf7 28. Rxf7 Kxf7 29. Rb1 Rc4 30. Ba7 Rc7 31. Bb8 Rd7
32. Kf2 Ne5 33. Bxe5 { Black resigns } 1-0

[Event "ICC tourney 2107 (75 10)"]
[Site "Internet Chess Club"]
[Date "2020.11.08"]
[Round "7"]
[White "albertyang"]
[Black "akumarum"]
[Result "0-1"]
[ICCResult "White checkmated"]
[WhiteElo "664"]
[BlackElo "1059"]
[Opening "two knights: Max Lange attack"]
[ECO "C55"]
[NIC "KP.02"]
[Time "18:02:22"]
[PlyCount "64"]
[TimeControl "4500+10"]

1. e4 e5 2. Nf3 Nc6 3. d4 exd4 4. Bc4 Nf6 5. O-O Bc5 6. e5 d5 7. exf6 dxc4
8. fxg7 Rg8 9. c3 dxc3 10. Qxd8+ Kxd8 11. Nxc3 Rxg7 12. Bg5+ Ke8 13. Rfe1+
Kf8 14. Re5 Nxe5 15. Bf6 Nxf3+ 16. Kf1 Rg6 17. gxf3 Rxf6 18. Nd5 Bh3+ 19.
Ke1 Re6+ 20. Kd1 Rd6 21. Kc2 Rxd5 22. Kc3 Rad8 23. Kxc4 Bxf2 24. b4 Rd4+
25. Kc3 Rf4 26. Kc2 Bf5+ 27. Kb2 Bd4+ 28. Kc1 Bxa1 29. a4 Rxf3 30. b5 Rf2
31. a5 Re8 32. b6 Re1# { White checkmated } 0-1

[Event "ICC tourney 2107 (75 10)"]
[Site "Internet Chess Club"]
[Date "2020.11.08"]
[Round "7"]
[White "Udbhav10"]
[Black "ZebraGamer"]
[Result "1-0"]
[ICCResult "Black checkmated"]
[WhiteElo "103"]
[BlackElo "687"]
[Opening "Dutch"]
[ECO "A80"]
[NIC "HD.12"]
[Time "18:02:25"]
[PlyCount "47"]
[TimeControl "4500+10"]

1. d4 f5 2. Nf3 Nf6 3. Nc3 d5 4. e3 Be6 5. g3 Nc6 6. Bg2 Qd6 7. Ne5 Nxe5 8.
dxe5 Qxe5 9. f4 Qd6 10. O-O O-O-O 11. Bf3 d4 12. exd4 Qxd4+ 13. Qxd4 Rxd4
14. Re1 Nd5 15. Rxe6 Nxc3 16. bxc3 Rc4 17. Rb1 Rxc3 18. Re3 e6 19. Rxc3 g6
20. Rd3 Bc5+ 21. Kf1 Rd8 22. Bxb7+ Kb8 23. Ba6+ Bb6 24. Rxd8# { Black
checkmated } 1-0

[Event "ICC tourney 2107 (75 10)"]
[Site "Internet Chess Club"]
[Date "2020.11.08"]
[Round "7"]
[White "Knighthhhh"]
[Black "Harithaananth"]
[Result "1-0"]
[ICCResult "Black checkmated"]
[WhiteElo "1110"]
[BlackElo "1100"]
[Opening "QGD: 4.Bg5"]
[ECO "D50"]
[NIC "QO.16"]
[Time "18:02:25"]
[PlyCount "93"]
[TimeControl "4500+10"]

1. d4 d5 2. c4 e6 3. Nc3 Nf6 4. Bg5 Bb4 5. a3 Bxc3+ 6. bxc3 Nbd7 7. e3 h6
8. Bh4 b6 9. Bd3 Bb7 10. Nf3 a5 11. O-O O-O 12. Ne5 Qe8 13. Bg3 Nxe5 14.
Bxe5 Qe7 15. Qc2 Kh8 16. Rab1 dxc4 17. Bxc4 Be4 18. Bxf6 Bxc2 19. Bxe7 Bxb1
20. Bxf8 Rxf8 21. Rxb1 Rd8 22. Rd1 e5 23. Bxf7 exd4 24. cxd4 c5 25. d5 g5
26. e4 Kg7 27. Be6 Kf6 28. f3 Ke5 29. Kf2 h5 30. Ke3 h4 31. Rb1 Rd6 32. g3
hxg3 33. hxg3 Kf6 34. f4 gxf4+ 35. gxf4 Kg6 36. e5 Rd8 37. Rxb6 Kg7 38.
Rb7+ Kf8 39. Rf7+ Ke8 40. d6 Rb8 41. d7+ Kd8 42. Rf8+ Kc7 43. Rxb8 Kxb8 44.
d8=Q+ Kb7 45. Bc8+ Ka7 46. Qc7+ Ka8 47. Qb7# { Black checkmated } 1-0

[Event "ICC tourney 2107 (75 10)"]
[Site "Internet Chess Club"]
[Date "2020.11.08"]
[Round "7"]
[White "oxdidi"]
[Black "AarushV5"]
[Result "1-0"]
[ICCResult "Black checkmated"]
[WhiteElo "1066"]
[BlackElo "662"]
[Opening "King's pawn game"]
[ECO "C50"]
[NIC "IG.03"]
[Time "18:02:51"]
[PlyCount "65"]
[TimeControl "4500+10"]

1. e4 e5 2. Nf3 Nc6 3. Bc4 h6 4. c3 Bc5 5. d3 Nf6 6. Nbd2 d6 7. h3 Be6 8.
Bb3 O-O 9. O-O a6 10. Re1 b5 11. Nf1 Re8 12. Ng3 d5 13. exd5 Bxd5 14. Bxd5
Nxd5 15. Qe2 b4 16. Bd2 f6 17. a3 bxc3 18. bxc3 Nb6 19. Qe4 Qd7 20. Qg6 Ne7
21. Qe4 Nc6 22. Nh5 Re7 23. Bxh6 Na4 24. Qxa4 gxh6 25. Nxf6+ Kf7 26. Nxd7
Rxd7 27. Qxc6 Rdd8 28. Qxc5 Rac8 29. Nxe5+ Kf6 30. Ng4+ Kg7 31. Qe7+ Kg6
32. Re6+ Kf5 33. Qf6# { Black checkmated } 1-0

[Event "ICC tourney 2107 (75 10)"]
[Site "Internet Chess Club"]
[Date "2020.11.08"]
[Round "7"]
[White "charlesshen"]
[Black "Nathan-Shamalov"]
[Result "1-0"]
[ICCResult "Black resigns"]
[WhiteElo "1097"]
[BlackElo "1081"]
[Opening "King's pawn game"]
[ECO "C50"]
[NIC "IG.03"]
[Time "18:02:25"]
[PlyCount "93"]
[TimeControl "4500+10"]

1. e4 e5 2. Nf3 Nc6 3. Bc4 Nd4 4. O-O d5 5. Bxd5 Bg4 6. d3 Qd6 7. Nbd2 Nf6
8. Bb3 Nh5 9. c3 Nxf3+ 10. Nxf3 Nf4 11. Bxf4 exf4 12. Bxf7+ Kxf7 13. Ng5+
Ke8 14. Qxg4 Qg6 15. Qe6+ Qxe6 16. Nxe6 Kd7 17. Nxf4 Bd6 18. Ne2 Rhf8 19.
d4 c5 20. e5 Bc7 21. f4 b6 22. d5 h6 23. Rad1 Rae8 24. e6+ Ke7 25. d6+ Bxd6
26. f5 Rf6 27. Ng3 Ref8 28. Ne4 Rxf5 29. Rxf5 Rxf5 30. Nxd6 Re5 31. Nc4
Rxe6 32. Kf2 Re4 33. Re1 Rxe1 34. Kxe1 Ke6 35. Ke2 Kd5 36. Ne3+ Ke4 37. Kd2
h5 38. Nc4 Kd5 39. Kd3 b5 40. Ne3+ Ke5 41. c4 a6 42. cxb5 axb5 43. b3 g5
44. a4 Kd6 45. axb5 Kc7 46. Kc4 Kb6 47. Nd5+ { Black resigns } 1-0

[Event "ICC tourney 2107 (75 10)"]
[Site "Internet Chess Club"]
[Date "2020.11.08"]
[Round "7"]
[White "arjunchesszero"]
[Black "PRANAVAK"]
[Result "0-1"]
[ICCResult "White checkmated"]
[WhiteElo "1041"]
[BlackElo "444"]
[Opening "Two knights defense"]
[ECO "C56"]
[NIC "KP.02"]
[Time "18:02:34"]
[PlyCount "44"]
[TimeControl "4500+10"]

1. e4 e5 2. Nf3 Nc6 3. Bc4 Nf6 4. d4 exd4 5. O-O Nxe4 6. Nc3 dxc3 7. Bxf7+
Kxf7 8. Qd5+ Ke8 9. Re1 Qf6 10. Rxe4+ Be7 11. Bg5 Qf7 12. Qd3 d5 13. Re3
Kd8 14. Bxe7+ Nxe7 15. Rae1 cxb2 16. Qd1 Re8 17. c4 Bf5 18. Ng5 Qf6 19.
Rxe7 Rxe7 20. Qxd5+ Ke8 21. Qg8+ Qf8 22. Qd5 Rxe1# { White checkmated } 0-1

[Event "ICC tourney 2107 (75 10)"]
[Site "Internet Chess Club"]
[Date "2020.11.08"]
[Round "7"]
[White "paradoxical"]
[Black "oecooke"]
[Result "0-1"]
[ICCResult "White checkmated"]
[WhiteElo "1019"]
[BlackElo "972"]
[Opening "Queen's pawn game"]
[ECO "A45"]
[NIC "QP.07"]
[Time "18:02:23"]
[PlyCount "154"]
[TimeControl "4500+10"]

1. d4 Nf6 2. Nc3 g6 3. e4 d5 4. e5 Ne4 5. Qf3 Bf5 6. Nge2 Bg7 7. g4 Nxc3 8.
Nxc3 Bxc2 9. Nxd5 c6 10. Qc3 Be4 11. f3 Bxd5 12. Bg2 e6 13. Be3 Nd7 14. O-O
Nb6 15. b3 f6 16. Rad1 fxe5 17. dxe5 Nd7 18. f4 Bxg2 19. Kxg2 Qh4 20. h3
O-O 21. Rxd7 g5 22. Bf2 Qh6 23. f5 exf5 24. Rd6 Qxd6 25. Bd4 Qd5+ 26. Kg1
Rad8 27. Bc5 Rfe8 28. Rxf5 Qd1+ 29. Rf1 Qd3 30. Qe1 Rxe5 31. Qf2 Re2 32.
Qf7+ Kh8 33. Rf3 Re1+ 34. Kg2 Re2+ 35. Bf2 Qd5 36. Qxd5 cxd5 37. Kf1 Rxa2
38. Bc5 Ra1+ 39. Kg2 Ra2+ 40. Kf1 b6 41. Bb4 a5 42. Be7 Rd7 43. Bxg5 Kg8
44. h4 Rf7 45. Rxf7 Kxf7 46. h5 Ke6 47. Bf4 Be5 48. Be3 d4 49. Bg5 Kd5 50.
Ke1 Ke4 51. Kd1 Bf4 52. Bh4 Ke3 53. g5 d3 54. Kc1 d2+ 55. Kb1 Ra1+ 56. Kxa1
d1=Q+ 57. Kb2 Kd3 58. g6 Qc2+ 59. Ka3 Kc3 60. Bf6+ Kd3 61. g7 Qc5+ 62. Ka2
Qc2+ 63. Bb2 Be5 64. Ka3 Qxb2+ 65. Ka4 Bxg7 66. h6 Bd4 67. Kb5 Qxb3+ 68.
Ka6 Qc4+ 69. Kb7 Be5 70. Ka7 Qf7+ 71. Ka6 b5 72. Kxa5 b4 73. Kxb4 Qc7 74.
Kb5 Kd4 75. Kb4 Qb7+ 76. Ka5 Kc4 77. Ka4 Qb4# { White checkmated } 0-1

[Event "ICC tourney 2107 (75 10)"]
[Site "Internet Chess Club"]
[Date "2020.11.08"]
[Round "7"]
[White "ayanloveschess"]
[Black "Maximusiv"]
[Result "1-0"]
[ICCResult "Black resigns"]
[WhiteElo "901"]
[BlackElo "1004"]
[Opening "Scandinavian defense"]
[ECO "B01"]
[NIC "SD.03"]
[Time "18:02:35"]
[PlyCount "87"]
[TimeControl "4500+10"]

1. e4 d5 2. exd5 Nf6 3. d4 Bg4 4. Be2 Bxe2 5. Qxe2 Qxd5 6. Nf3 Nc6 7. Nc3
Qd7 8. Be3 O-O-O 9. O-O-O e6 10. a3 a6 11. Rd2 Bd6 12. Rhd1 Qe7 13. Bg5
Bxa3 14. Bxf6 gxf6 15. d5 Bxb2+ 16. Kxb2 Qb4+ 17. Ka2 Qxc3 18. dxc6 Qxc6
19. Rxd8+ Rxd8 20. Rxd8+ Kxd8 21. Qd3+ Ke7 22. Qxh7 b5 23. Qd3 b4 24. Kb3
a5 25. Qc4 Qb6 26. Nd4 c5 27. Qb5 Qd6 28. Nc6+ Kf8 29. Qb8+ Qxb8 30. Nxb8
Ke7 31. Nc6+ Kd6 32. Nxa5 Kd5 33. h4 Ke5 34. g4 f5 35. gxf5 Kxf5 36. Nc6
Kg4 37. Nd8 f5 38. Nxe6 Kxh4 39. Nxc5 Kg4 40. Nd3 Kf3 41. Kxb4 Ke4 42. Kc4
Kf3 43. Kd4 Ke2 44. c4 { Black resigns } 1-0

[Event "ICC tourney 2107 (75 10)"]
[Site "Internet Chess Club"]
[Date "2020.11.08"]
[Round "7"]
[White "EW2006"]
[Black "Mannansh"]
[Result "0-1"]
[ICCResult "White resigns"]
[WhiteElo "1234"]
[BlackElo "1213"]
[Opening "Scandinavian defense"]
[ECO "B01"]
[NIC "SD.03"]
[Time "18:02:27"]
[PlyCount "50"]
[TimeControl "4500+10"]

1. e4 d5 2. exd5 Nf6 3. Nf3 Nxd5 4. d4 g6 5. h3 Bg7 6. Be2 O-O 7. c4 Nb6 8.
Nc3 Nc6 9. Be3 Bf5 10. g4 Bd7 11. c5 Nc8 12. Bf4 Re8 13. Nd5 e5 14. dxe5
Nxe5 15. Bxe5 Bxe5 16. Kf1 Bxb2 17. Rb1 Bg7 18. Kg2 Ne7 19. Rxb7 Bc6 20.
Nxe7+ Qxe7 21. Ba6 Rad8 22. Qc2 Bxf3+ 23. Kxf3 Qf6+ 24. Kg2 Qc6+ 25. Kf1
Qxa6+ { White resigns } 0-1

[Event "ICC tourney 2107 (75 10)"]
[Site "Internet Chess Club"]
[Date "2020.11.08"]
[Round "7"]
[White "missqueen"]
[Black "johnzabraham"]
[Result "1-0"]
[ICCResult "Black checkmated"]
[WhiteElo "1093"]
[BlackElo "1059"]
[Opening "French: Tarrasch, open variation, main line"]
[ECO "C09"]
[NIC "FR.22"]
[Time "18:03:09"]
[PlyCount "73"]
[TimeControl "4500+10"]

1. e4 e6 2. d4 d5 3. Nd2 c5 4. Ngf3 Nc6 5. exd5 exd5 6. Bb5 Qb6 7. Qe2+ Be6
8. dxc5 Bxc5 9. O-O Ne7 10. c3 O-O 11. b4 Bd6 12. Nb3 Ng6 13. Be3 Qc7 14.
Nc5 Bg4 15. h3 Bxf3 16. Qxf3 a6 17. Bxc6 bxc6 18. Rfe1 f5 19. Ne6 Ne5 20.
Qg3 Qb8 21. Nxf8 Nd3 22. Nd7 Qc7 23. Nf6+ Kf7 24. Qg5 Nxe1 25. Nxh7 f4 26.
Qf5+ Kg8 27. Bd4 Qe7 28. Qg6 f3 29. g3 Ng2 30. Nf6+ Kf8 31. Nh7+ Kg8 32.
Nf6+ Kf8 33. Nh7+ Kg8 34. Ng5 Ne1 35. Be3 Ng2 36. Qh7+ Kf8 37. Qh8# { Black
checkmated } 1-0